 Dungeon Crawl Stone Soup version 0.26-a0-660-gc07710193c (webtiles) character file.

Game seed: 278845130349997543

7 wileaway the Skirmisher (level 1, 0/18 HPs)
             Began as a Demonspawn Abyssal Knight on Oct 7, 2020.
             Was a Follower of Lugonu.
             Slain by an adder (4 damage)
             ... on level 2 of the Dungeon.
             The game lasted 00:01:54 (428 turns).

wileaway the Skirmisher (Demonspawn Abyssal Knight)  Turns: 428, Time: 00:01:55

Health: 0/18       AC:  3    Str: 11 (12) XL:     1   Next: 91%
Magic:  2/2        EV: 11    Int: 11 (13) God:    Lugonu [*.....]
Gold:   5          SH:  0    Dex: 11 (12) Spells: 0/0 levels left

rFire    . . .     SeeInvis .     - Unarmed
rCold    . . .     Faith    .   (no shield)
rNeg     . . .     Spirit   .   a - +0 leather armour
rPois    .         Reflect  .   (no helmet)
rElec    .         Harm     .   (no cloak)
rCorr    .         Rampage  .   (no gloves)
MR       .....                  (no boots)
Stlth    +.........             (no amulet)
HPRegen  0.06/turn              (no ring)
MPRegen  0.08/turn              (no ring)

@: very slightly contaminated, invisible
A: no striking features
a: Depart the Abyss, Renounce Religion


You were on level 2 of the Dungeon.
You worshipped Lugonu.
Lugonu was aware of your devotion.
You visited 1 branch of the dungeon, and saw 2 of its levels.
You visited the Abyss 1 time.

You collected 5 gold pieces.

Inventory:

Armour
 a - a +0 leather armour (worn)
Scrolls
 c - 3 scrolls of identify {unknown}
 d - a scroll of remove curse {unknown}


   Skills:
 + Level 3.1 Fighting
 - Level 1.7 Armour
 + Level 1.1 Dodging
 * Level 2.0 Unarmed Combat
 + Level 2.6 Invocations


You couldn't memorise any spells.
You didn't know any spells.
Your spell library was empty.

Dungeon Overview and Level Annotations

Branches:
Dungeon (1/15)

Altars:


Message History

It was a potion of degeneration.
There was something very wrong with that liquid.
You feel weakened.
You feel dopey.
You feel clumsy. The adder bites you.
It was a potion of invisibility.
You fade into invisibility!
You are very lightly contaminated with residual magic.
You barely miss the adder.
A nearby plant withers and dies.
The adder closely misses you. The adder bites you but does no damage.
You hit the adder.
The adder is moderately wounded.
The adder barely misses you. x2; The adder bites you.
* * * LOW HITPOINT WARNING * * *
You hit the adder.
The adder is heavily wounded.
The adder barely misses you. The adder closely misses you.
You hit the adder.
The adder is heavily wounded.
The adder bites you.
You die...

#S.###..# ##.S...# ##.####
##.#.## ..###.# #####
...#.## ###.⌠.### ....#####
#..._...#
...SS...#####....P..#
....†.S....##..S@P..#
...####.########S########+##
#.## #.# #....K.........P.
#.# #.######..(......PP.8.
#.#####.....######......##
#..........K.K..S###..###
################S..#.[#
###S...# ##...#


You could see 2 adders and a kobold.

Vanquished Creatures
  A leopard gecko (D:2)
  A bat (D:2)
  A giant cockroach (D:2)
  A kobold (D:2)
  A frilled lizard (D:2)
  A rat (D:2)
6 creatures vanquished.

Vanquished Creatures (others)
  2 plants (D:2)
2 creatures vanquished.

Grand Total: 8 creatures vanquished

Notes
Turn   | Place    | Note
-------+----------+-------------------------------------------
     0 | Abyss:1  | wileaway the Demonspawn Abyssal Knight began the quest for
                  | the Orb.
     0 | Abyss:1  | Reached XP level 1. HP: 18/18 MP: 2/2
     7 | D:1      | Escaped the Abyss
   110 | D:1      | You fall into a shaft and drop 1 floor!
   140 | D:2      | Reached skill level 1 in Dodging
   413 | D:2      | Found a faded altar of an unknown god.
   428 | D:2      | Slain by an adder

Illustrated notes

Levels and vault maps discovered:
D:1:      dpeg_cavernosity, layout_basic
D:2:      cheibrodos_greedy_goblins, layout_loops_ring,
          chequers_ecumenical_altar_lobes, minmay_goblin_outpost

Skill      XL: |  1 |
---------------+----+-----
Dodging        | 1 |  1.1
Unarmed Combat | 2 |  2.0
Fighting       | |  3.1
Armour         | |  1.7
Invocations    | |  2.6

Action                   || total
-------------------------++-------
Melee: Unarmed           ||    34
  Use: Potion            ||     2
Armor: Leather armour    ||     9
Dodge: Dodged            ||    22

Table legend: (Time is in decaauts)
 A = Elapsed time spent in this place.
 B = Non-inter-level travel time spent in this place.
 C = Inter-level travel time spent in this place.
 D = Time resting spent in this place.
 E = Time spent auto-exploring this place.
 F = Levels seen in this place.
 G = Mean time per level.
                   A        B        C        D        E       F      G
               +--------+--------+--------+--------+--------+-----+--------+
         Total |    427 |    427 |      0 |    170 |     73 |   3 |  142.3 |
       Dungeon |    418 |    418 |      0 |    170 |     73 |   2 |  209.0 |
         Abyss |      8 |      8 |      0 |      0 |      0 |   1 |    8.0 |
               +--------+--------+--------+--------+--------+-----+--------+

Top non-repeatable levels by time:
     D:2: 315 daAuts
     D:1: 102 daAuts
 Abyss:1: 8 daAuts
